 Dungeon Crawl Stone Soup version 0.25-a0-253-g6f1b5d974a (webtiles) character file.

Game seed: 14147348515679443077, levelgen mode: deterministic

5 Gargoyl the Skirmisher (level 1, 9/19 HPs)
             Began as a Centaur Abyssal Knight on Dec 5, 2019.
             Was an Initiate of Lugonu.
             Quit the game on level 1 of the Dungeon.
             The game lasted 00:00:43 (158 turns).

Gargoyl the Skirmisher (Centaur Abyssal Knight)      Turns: 158, Time: 00:00:44

Health: 9/19       AC:  4    Str: 14    XL:     1   Next: 66%
Magic:  1/2        EV:  9    Int: 11    God:    Lugonu [......]
Gold:   30         SH:  0    Dex:  8    Spells: 0/0 levels left

rFire    . . .     SeeInvis .   a - +1 hand axe
rCold    . . .     Gourm    .   (no shield)
rNeg     . . .     Faith    .   b - +0 leather armour
rPois    .         Spirit   .   (no helmet)
rElec    .         Reflect  .   (no cloak)
rCorr    .         Harm     +   (no gloves)
MR       .....                  (no barding)
Stlth    ..........             d - amulet of harm (curse)
HPRegen  0.06/turn              (no ring)
MPRegen  0.08/turn              (no ring)

@: very quick
A: large, hooves 3, deformed body, speed 2, tough skin 3
a: Renounce Religion


You were on level 1 of the Dungeon.
You worshipped Lugonu.
Lugonu was noncommittal.
You were not hungry.

You visited 1 branch of the dungeon, and saw 1 of its levels.
You visited the Abyss 1 time.

You collected 30 gold pieces.

Inventory:

Hand Weapons
 a - a +1 hand axe (weapon)
Armour
 b - a +0 leather armour (worn)
Jewellery
 d - a cursed amulet of harm (around neck)
Comestibles
 c - a ration


   Skills:
 + Level 3.2 Fighting
 + Level 1.9 Axes
 + Level 1.4 Armour
 + Level 0.6 Dodging
 + Level 2.0 Invocations


You couldn't memorise any spells.
You didn't know any spells.
Your spell library was empty.

Dungeon Overview and Level Annotations

Branches:
Dungeon (1/15)

Altars:


Innate Abilities, Weirdness & Mutations

You have hooves in place of feet.
Armour fits poorly on your strangely shaped body.
You cover ground very quickly.
You have extremely tough skin. (AC +3)


Message History

You hit the ufetubus but do no damage.
The ufetubus is almost dead.
The ufetubus hits you. The ufetubus barely misses you. The ufetubus hits you.
The ufetubus barely misses you.
Your leather armour prevents you from hitting the ufetubus.
Your kick misses the ufetubus.
The ufetubus is almost dead.
The ufetubus barely misses you.
The ufetubus hits you but does no damage.
The ufetubus barely misses you. The ufetubus closely misses you.
You hit the ufetubus.
You kill the ufetubus!
You start resting.
The large abomination is too close now for your liking.
You pass through the gate.
You can no longer depart the Abyss at will.
There is a staircase leading out of the dungeon here.
Oops, that amulet feels deathly cold.
d - a cursed amulet of harm (around neck) Are you sure you want to abandon this character and quit the game? (Confirm with "yes".)

#####+#####
#.........#
#.........#
#..⌠...⌠..#
#.........#
+....@....+
#.........#
#..⌠...⌠..#
#.........#
#.........#
#####+#####


There were no monsters in sight!

Vanquished Creatures
  An ufetubus (Abyss:2)
1 creature vanquished.

Notes
Turn   | Place    | Note
-------+----------+-------------------------------------------
     0 | Abyss:1  | Gargoyl the Centaur Abyssal Knight began the quest for the
                  | Orb.
     0 | Abyss:1  | Reached XP level 1. HP: 19/19 MP: 2/2
     7 | Abyss:1  | Found a roughly hewn altar of Beogh.
    28 | Abyss:2  | Found a corrupted altar of Lugonu.
    40 | Abyss:2  | Found a corrupted altar of Lugonu.
    85 | Abyss:2  | Noticed a small abomination
   122 | Abyss:2  | Noticed a raiju
   139 | Abyss:2  | Noticed a large abomination
   156 | D:1      | Escaped the Abyss
   158 | D:1      | Quit the game

Levels and vault maps discovered:
D:1:      mushboom_english_gardens, layout_loops_ring, corexii_corridor_pit,
          chequers_serial_rivers_micro_b, chequers_serial_rivers_small_b,
          tso_metal_star

Action                   || total
-------------------------++-------
Melee: Hand axe          ||     5
Invok: Depart the Abyss  ||     1
  Use: Potion            ||     2
       Scroll            ||     1
Armor: Leather armour    ||     4
Dodge: Dodged            ||    10

Table legend:
 A = Non-vault XP
 B = Vault XP
 C = Vault XP percentage of total XP
 D = Non-vault monster count
 E = Vault monster count
 F = Vault count percentage of total count
                 A         B        C        D         E       F
            +---------+---------+-------+---------+---------+-------
      Total |       8 |       0 |   0.0 |       1 |       0 |   0.0
            +---------+---------+-------+---------+---------+-------
    Abyss:2 |       8 |       0 |   0.0 |       1 |       0 |   0.0
            +---------+---------+-------+---------+---------+-------
